 Dungeon Crawl Stone Soup version 0.22.0-49-gab54619 (webtiles) character file.

247 Lew the Skirmisher (level 6, -7/39 HPs)
             Began as a Gargoyle Fighter on Sept 3, 2018.
             Splashed by an oklob plant's acid (12 damage)
             ... on level 3 of the Dungeon.
             The game lasted 00:03:31 (2989 turns).

Lew the Skirmisher (Gargoyle Fighter)               Turns: 2989, Time: 00:03:32

Health: -7/39      AC: 13    Str: 25    XL:     6   Next: 11%
Magic:  15/15      EV:  7    Int:  8    God:
Gold:   200        SH: 10    Dex: 11    Spells: 5/5 levels left

rFire    . . .     SeeInvis .   a - +0 flail
rCold    . . .     Gourm    .   c - +0 shield
rNeg     + + .     Faith    .   p - +0 scale mail {rN+}
rPois    ∞         Spirit   .   (no helmet)
rElec    +         Reflect  .   o - +0 cloak
rCorr    .         Harm     .   g - +0 pair of gloves
MR       .....                  (no boots)
Stlth    ..........             k - amulet of rage
HPRegen  0.13/turn              h - ring of attention (curse)
MPRegen  0.14/turn              u - ring of magical power

@: mighty
A: negative energy resistance 1, electricity resistance, unbreathing,
petrification resistance, rot immunity, AC +4
a: Evoke Berserk Rage


You were on level 3 of the Dungeon.
You were hungry.

You visited 1 branch of the dungeon, and saw 3 of its levels.

You collected 200 gold pieces.

Inventory:

Hand Weapons
 a - a +0 flail (weapon)
Armour
 c - a +0 shield (worn)
 g - a +0 pair of gloves (worn)
 o - a +0 cloak (worn)
 p - a +0 scale mail of positive energy (worn)
Jewellery
 h - a cursed ring of attention (left hand)
 i - an uncursed amulet of the gourmand
 k - an amulet of rage (around neck)
 s - a +1 ring of evasion
 u - a ring of magical power (right hand)
Wands
 q - a wand of disintegration (8)
Scrolls
 b - a scroll of immolation {unknown}
 e - a scroll of teleportation {unknown}
 j - 3 scrolls of identify {unknown}
 l - 2 scrolls of amnesia {unknown}
 n - a scroll of enchant weapon {unknown}
Potions
 m - a potion of cancellation {unknown}
 r - 2 potions of lignification {unknown}
 t - a potion of invisibility {unknown}
 v - a potion of mutation {unknown}
Comestibles
 f - 8 rations


   Skills:
 + Level 4.4 Fighting
 + Level 3.2 Maces & Flails
 + Level 4.3 Armour
 + Level 2.8 Stealth
 + Level 4.4 Shields


You had 5 spell levels left.
You didn't know any spells.
Your spell library was empty.

Dungeon Overview and Level Annotations

Branches:
Dungeon (3/15)

Altars:
Fedhas

Annotations:
D:3 exclusion: oklob plant


Innate Abilities, Weirdness & Mutations

You are resistant to torment.
Your stone body is resilient. (AC +4)
You are immune to poison.
You resist negative energy. (rN+)
You are resistant to electric shocks. (rElec)
You can survive without breathing.
You are immune to petrification.
You are immune to rotting.


Message History

The plant is almost destroyed.
You hit the plant but do no damage.
The plant is almost destroyed.
You hit the plant but do no damage.
The plant is almost destroyed.
You hit the plant.
The plant is almost destroyed.
Unknown command.
You hit the plant but do no damage.
The plant is almost destroyed.
You feel very mighty all of a sudden.
You sock the plant!
You destroy the plant!
The oklob plant spits acid at you. The splash of acid hits you!
You are splashed with acid!
The acid burns!
The oklob plant spits acid at you. The splash of acid hits you!
* * * LOW HITPOINT WARNING * * *
You are splashed with acid!
The acid burns!
You die... #.............# #.............# #.###.........# #.# #.........#### #.# #............# #### ### ##################...# ♣ PPP

P.P♣♣.PP.P#P#..# #...#
P♣#P###PPPP♣P.P.PP##..### ###...#
PPPP♣♣.###PPP%..@♣P#....# #).....
PP#PP#PP..P.PPP..%P#..#.# #......
PPPPP.......PPP.PPP#..#.# #..8...
PPPP..≈≈.≈≈..P.PP♣P#..#.# #......
PP#..≈≈≈.≈≈≈..PPPPP#..#.###......
PP..≈≈≈≈.≈≈≈≈..PPPP#..#......#.#.
P#.≈≈≈≈≈.≈≈≈≈≈†PPPP#..######.#.#.
P♣.≈≈≈≈...≈≈≈≈..#P##### #.#.#.
PP.≈≈≈≈._.≈≈≈≈.P.PP# #.#.#.


You could see an oklob plant.

Vanquished Creatures
  Crazy Yiuf (D:2)
  2 orc wizards (D:3)
  Terence (D:2)
  A worker ant (D:3)
  6 adders
  2 adder skeletons (D:3)
  2 leopard geckos (D:3)
  6 orcs (D:3)
  9 bats
  2 giant cockroaches
  6 goblins
  4 hobgoblins
  A ball python (D:1)
  2 frilled lizards
  A giant cockroach zombie (D:3)
  3 kobolds (D:1)
  A quokka zombie (D:3)
  4 rats
  A plant (D:3)
55 creatures vanquished.

Notes
Turn   | Place    | Note
-------+----------+-------------------------------------------
     0 | D:1      | Lew the Gargoyle Fighter began the quest for the Orb.
     0 | D:1      | Reached XP level 1. HP: 14/14 MP: 1/1
   252 | D:1      | Reached XP level 2. HP: 19/19 MP: 2/2
   916 | D:2      | Reached skill level 1 in Stealth
   916 | D:2      | Reached XP level 3. HP: 23/23 MP: 3/3
  1139 | D:2      | Found a runed door.
  1188 | D:2      | Noticed Terence
  1198 | D:2      | Killed Terence
  1198 | D:2      | Reached XP level 4. HP: 22/29 MP: 4/4
  1680 | D:2      | Noticed Crazy Yiuf
  1690 | D:2      | Killed Crazy Yiuf
  1961 | D:3      | Reached XP level 5. HP: 30/33 MP: 5/5
  2761 | D:3      | Reached XP level 6. HP: 29/39 MP: 6/6
  2890 | D:3      | Found a blossoming altar of Fedhas.
  2901 | D:3      | Noticed an oklob plant
  2989 | D:3      | Splashed by an oklob plant's acid

Skill      XL: |  1  2  3  4  5 |
---------------+----------------+-----
Stealth        | 1 2 |  2.8
Shields        | 4 |  4.4
Fighting       | 4 |  4.4
Armour         | 4 |  4.3
Maces & Flails | 3 |  3.2

Action                   |  1- 3 |  4- 6 || total
-------------------------+-------+-------++-------
Melee: Flail             |   116 |   181 ||   297
  Use: Potion            |       |     1 ||     1
  Eat: Chunk             |     1 |     2 ||     3
       Ration            |       |     1 ||     1
Armor: Scale mail        |    82 |   103 ||   185
Dodge: Dodged            |    33 |    59 ||    92
Block: Shield            |    68 |   113 ||   181
